 Dungeon Crawl Stone Soup version 0.23.0-3-gf3c87f2 (webtiles) character file.

Game seed: 3391540817076410787

2076 Gadfly the Bolt Thrower (level 9, 0/71 HPs)
             Began as a Centaur Hunter on Feb 22, 2019.
             Was a Follower of Trog.
             Succumbed to a killer bee's poison
             ... on level 7 of the Dungeon.
             The game lasted 00:17:41 (8127 turns).

Gadfly the Bolt Thrower (Centaur Hunter)            Turns: 8127, Time: 00:17:41

Health: 0/71       AC: 12    Str: 18    XL:     9   Next: 6%
Magic:  9/11       EV: 10    Int: 10    God:    Trog [*.....]
Gold:   356        SH:  0    Dex: 13    Spells: 8/8 levels left

rFire    . . .     SeeInvis .   x - +2 quarterstaff (chaos)
rCold    . . .     Gourm    .   (shield currently unavailable)
rNeg     . . .     Faith    .   v - +3 ring mail
rPois    .         Spirit   .   (no helmet)
rElec    .         Reflect  .   y - +0 cloak
rCorr    .         Harm     .   r - +1 pair of gloves {Dex+3}
MR       .....                  (no barding)
Stlth    +.........             (no amulet)
HPRegen  0.21/turn              p - ring of stealth
MPRegen  0.12/turn              (no ring)

@: lethally poisoned (0 -> -2), very quick
A: large, hooves 3, deformed body, speed 2, tough skin 3
a: Berserk, Renounce Religion


You were on level 7 of the Dungeon.
You worshipped Trog.
Trog was aware of your devotion.
You were hungry.

You visited 2 branches of the dungeon, and saw 8 of its levels.
You also visited: Sewer.

You collected 356 gold pieces.

Inventory:

Hand Weapons
 a - a +2 hand crossbow
 b - a +2 antimagic halberd
 x - a +2 quarterstaff of chaos (weapon)
Missiles
 d - 137 bolts
 n - 2 throwing nets (quivered)
Armour
 r - a +1 pair of gloves of dexterity (worn)
 v - a +3 ring mail (worn)
 y - a +0 cloak (worn)
Jewellery
 p - a ring of stealth (left hand)
Wands
 j - a wand of polymorph (10)
Scrolls
 e - 3 scrolls of identify
 h - a scroll of enchant armour
 k - 3 scrolls of remove curse
 m - 4 scrolls of teleportation
 o - a scroll of magic mapping
 q - a scroll of enchant weapon
 t - a scroll of fog
 w - a scroll of amnesia {unknown}
 A - a scroll of blinking {unknown}
Potions
 c - 2 potions of might
 g - 4 potions of agility
 i - a potion of heal wounds
 u - 4 potions of brilliance
 z - 2 potions of flight
Comestibles
 f - 12 rations
 l - a chunk of flesh


   Skills:
 + Level 4.2 Fighting
 * Level 6.8 Polearms
 * Level 7.2 Crossbows
 + Level 2.4 Armour
 + Level 3.2 Dodging
 - Level 0.4 Stealth
 * Level 3.2 Evocations


You had 8 spell levels left.
You didn't know any spells.
Your spell library was empty.

Dungeon Overview and Level Annotations

Branches:
Dungeon (7/15)             Temple (1/1) D:5

Altars:
Cheibriados
Dithmenos
Elyvilon
Fedhas
Hepliaklqana
Makhleb
Nemelex Xobeh
Okawaru
Ru
Sif Muna
Trog
Uskayaw
Vehumet
Wu Jian
Xom
Yredelemnul
Zin


Innate Abilities, Weirdness & Mutations

You have hooves in place of feet.
Armour fits poorly on your strangely shaped body.
You cover ground very quickly.
You have extremely tough skin. (AC +3)


Message History

The killer bee closely misses you.
You feel better. The killer bee barely misses you. The killer bee stings you.
* * * LOW HITPOINT WARNING * * *
You are poisoned.
The killer bee poisons you!
You hit the killer bee.
The killer bee flickers and vanishes!
Deactivating autopickup; reactivate with Ctrl-A.
You feel sick.
Something stings you but does no damage. x2
You hit something.
You feel sick.
Something stings you but does no damage.
Something stings you.
* * * LOW HITPOINT WARNING * * *
You completely miss something. Your kick misses something.
Something stings you.
* * * LOW HITPOINT WARNING * * *
Something stings you.
* * * LOW HITPOINT WARNING * * *
You miss something. Your kick misses something.
You die...

#.# . #.#####... ..
.........# #.. #.......##
#... #...###.###.. ..#
....###.#... ### ..##
###..##...# ..# ..^#
####.....########.###...
...............{@.......
###.....)......##.###.##
#..........†....#.###.####..
#...............y..yy..(..#
......................y...#
##........................#
#........................#
#........................#
##.............#.........#


There were no monsters in sight!

Vanquished Creatures
  A gargoyle (D:6)
  An ice beast (D:6)
  A sky beast (D:7)
  A phantom (D:4)
  An ogre (D:6)
  A centaur (D:7)
  A big kobold (Sewer)
  A gnoll sergeant (D:4)
  A scorpion (D:7)
  5 killer bees (D:7)
  3 crimson imps
  An orc priest (D:4)
  A jelly (D:5)
  2 orc wizards
  A centaur skeleton (D:4)
  2 hounds (D:4)
  A bullfrog skeleton (D:5)
  Crazy Yiuf (D:4)
  2 iguanas (D:4)
  6 worker ants
  A hound skeleton (D:6)
  8 gnolls
  10 adders
  A river rat (Sewer)
  A shadow imp (D:6)
  3 adder skeletons
  2 worms
  3 dart slugs
  6 leopard geckos
  23 orcs
  7 bats
  8 giant cockroaches
  15 goblins
  12 hobgoblins
  22 kobolds
  4 quokkas
  6 ball pythons
  A ball python zombie (D:6)
  5 frilled lizards
  A giant cockroach zombie (D:6)
  A leopard gecko skeleton (D:6)
  26 rats
200 creatures vanquished.

Vanquished Creatures (others)
  A quokka (D:6)
1 creature vanquished.

Grand Total: 201 creatures vanquished

Notes
Turn   | Place    | Note
-------+----------+-------------------------------------------
     0 | D:1      | Gadfly the Centaur Hunter began the quest for the Orb.
     0 | D:1      | Reached XP level 1. HP: 17/17 MP: 1/1
   151 | D:1      | Reached XP level 2. HP: 9/24 MP: 2/2
  1030 | D:1      | Reached XP level 3. HP: 30/30 MP: 3/3
  1792 | D:1      | HP: 1/30 [gnoll (3)]
  1793 | D:1      | Reached skill level 5 in Crossbows
  2482 | D:2      | Reached skill level 1 in Armour
  2583 | D:2      | Reached XP level 4. HP: 34/37 MP: 1/4
  2729 | D:2      | Reached skill level 1 in Polearms
  2927 | D:2      | You fall through a shaft!
  3059 | D:3      | Found a burning altar of Makhleb.
  3085 | D:3      | Found a shadowy altar of Dithmenos.
  3122 | D:3      | Reached XP level 5. HP: 41/42 MP: 1/5
  3991 | D:4      | Reached XP level 6. HP: 20/50 MP: 2/6
  4017 | D:4      | HP: 2/50 [poisoned by a worker ant]
  4841 | D:4      | Reached skill level 5 in Polearms
  4841 | D:4      | Reached XP level 7. HP: 50/56 MP: 2/7
  5163 | D:4      | Found a runed translucent door.
  5164 | D:4      | Noticed Crazy Yiuf
  5244 | D:4      | Killed Crazy Yiuf
  5332 | D:5      | Entered Level 5 of the Dungeon
  5383 | D:5      | Found a glowing drain.
  5430 | Sewer    | Entered a sewer
  6294 | D:5      | Found a staircase to the Ecumenical Temple.
  6303 | Temple   | Entered the Ecumenical Temple
  6425 | Temple   | Became a worshipper of Trog the Wrathful
  6895 | D:6      | Found a white marble altar of Elyvilon.
  6983 | D:6      | Reached skill level 6 in Crossbows
  6983 | D:6      | Reached skill level 1 in Evocations
  6987 | D:6      | Reached XP level 8. HP: 43/63 MP: 8/8
  7110 | D:6      | Reached * piety under Trog
  7530 | D:6      | Noticed a gargoyle
  7544 | D:6      | Killed a gargoyle
  8037 | D:7      | Reached skill level 7 in Crossbows
  8107 | D:7      | Reached XP level 9. HP: 19/71 MP: 6/11
  8122 | D:7      | HP: 3/71 [killer bee (3)]
  8126 | D:7      | HP: 1/71 [something (4)]
  8127 | D:7      | Succumbed to a killer bee's poison

Skill      XL: |  1  2  3  4  5  6  7  8 |
---------------+-------------------------+-----
Crossbows      | 5 6 7 |  7.2
Armour         | 1 2 |  2.4
Dodging        | 2 3 |  3.2
Polearms       | 2 3 5 6 |  6.8
Fighting       | 3 4 |  4.2
Evocations     | 1 3 |  3.2
Stealth        | |  0.4

Action                   |  1- 3 |  4- 6 |  7- 9 || total
-------------------------+-------+-------+-------++-------
Melee: Unarmed           |   101 |       |     4 ||   105
       Kick              |    21 |    17 |    66 ||   104
       Flail             |    14 |       |       ||    14
       Halberd           |     1 |   170 |    25 ||   196
       Quarterstaff      |       |       |   279 ||   279
 Fire: Hand crossbow     |    10 |       |     3 ||    13
Evoke: Wand              |       |       |     1 ||     1
  Use: Scroll            |       |       |    13 ||    13
       Potion            |       |       |    10 ||    10
 Stab: Sleeping          |       |     2 |     1 ||     3
       Confused          |       |       |     1 ||     1
       Paralysed         |       |       |     6 ||     6
  Eat: Chunk             |     2 |     5 |     9 ||    16
       Ration            |     1 |       |       ||     1
Armor: Leather armour    |    47 |    43 |       ||    90
       Ring mail         |       |     6 |   219 ||   225
Dodge: Dodged            |    58 |    71 |   197 ||   326
